 Dungeon Crawl Stone Soup version 0.24-a0-518-g9d8d8d5b78 (webtiles) character file.

Game seed: 10104178116926147701

62757 Peloso the Fencer (level 14, -2/128 (129) HPs)
             Began as a Minotaur Fighter on July 23, 2019.
             Was the Champion of Okawaru.
             Splashed by an oklob plant's acid (10 damage)
             ... on level 1 of the Lair of Beasts.
             The game lasted 01:12:33 (24107 turns).

Peloso the Fencer (Minotaur Fighter)               Turns: 24107, Time: 01:12:33

HP:   -2/128 (129)  AC:  9    Str: 25    XL:     14   Next: 65%
MP:   14/14         EV: 25    Int:  5    God:    Okawaru [******]
Gold: 927           SH: 29    Dex: 15    Spells: 13/13 levels left

rFire    + . .     SeeInvis +   a - +5 scimitar
rCold    . . .     Gourm    .   d - +8 large shield "Qabokut" {MR+ Dex+2}
rNeg     + + +     Faith    .   x - +4 chain mail of the Stars {MR+ Dex+2}
rPois    .         Spirit   .   W - +2 hat "Wiatwit" {MR+}
rElec    +         Reflect  .   j - +0 cloak of the Snake Pit {+Fly rElec rN+++ Dex-3}
rCorr    .         Harm     .   V - +0 pair of gloves "Abbiosch" {+Inv rF+}
MR       ++++.                  y - +2 pair of boots of the Assassin {Detection Stab+ Stlth++}
Stlth    ..........             F - amulet of the acrobat
HPRegen  0.31/turn              k - ring "Cimn" {*Contam +Fly rN+ SInv Stlth-}
MPRegen  0.14/turn              u - +3 ring of dexterity

@: corroded, acrobat
A: retaliatory headbutt, horns 2
a: Heroism, Finesse, Renounce Religion, Evoke Invisibility, Evoke Flight


You were on level 1 of the Lair of Beasts.
You worshipped Okawaru.
Okawaru was exalted by your worship.
You were near starving.

You visited 4 branches of the dungeon, and saw 21 of its levels.
You also visited: Ossuary and Gauntlet.

You collected 1707 gold pieces.
You spent 780 gold pieces at shops.

Inventory:

Hand Weapons
 a - a +5 scimitar (weapon)
 b - a +2 scimitar of flaming
Armour
 d - the +8 large shield "Qabokut" (worn) {MR+ Dex+2}
   (You found it in a Gauntlet)

   It affects your dexterity (+2).
   It affects your resistance to hostile enchantments.
 j - the +0 cloak of the Snake Pit (worn) {+Fly rElec rN+++ Dex-3}
   (You found it in a Gauntlet)

   It affects your dexterity (-3).
   It insulates you from electricity.
   It renders you almost immune to negative energy.
   It lets you fly.
 r - the +1 plate armour of Zuemah {rF+ Dex-4 SInv}
   (Okawaru gifted it to you on level 3 of the Lair of Beasts)

   It affects your dexterity (-4).
   It protects you from fire.
   It lets you see invisible.
 x - the +4 chain mail of the Stars (worn) {MR+ Dex+2}
   (Okawaru gifted it to you on level 6 of the Lair of Beasts)

   It affects your dexterity (+2).
   It affects your resistance to hostile enchantments.
 y - the +2 pair of boots of the Assassin (worn) {Detection Stab+ Stlth++}
   (You bought it in a shop on level 7 of the Dungeon)

   It makes you much more stealthy.
 V - the +0 pair of gloves "Abbiosch" (worn) {+Inv rF+}
   (You found it on level 11 of the Dungeon)

   It protects you from fire.
   It lets you turn invisible.
 W - the +2 hat "Wiatwit" (worn) {MR+}
   (Okawaru gifted it to you in a Gauntlet)

   It affects your resistance to hostile enchantments.
Jewellery
 k - the ring "Cimn" (left hand) {*Contam +Fly rN+ SInv Stlth-}
   (You found it in a Gauntlet)

   [ring of attention]

   It protects you from negative energy.
   It lets you see invisible.
   It lets you fly.
   It causes magical contamination when unequipped.
   It makes you less stealthy.
 u - a +3 ring of dexterity (right hand)
 A - an uncursed ring of wizardry
 C - an uncursed ring of poison resistance
 F - an amulet of the acrobat (around neck)
 H - an uncursed ring of protection from magic
 N - an uncursed ring of see invisible
Wands
 i - a wand of digging (2)
 p - a wand of disintegration (7)
 t - a wand of acid (12)
Scrolls
 e - 3 scrolls of blinking
 g - a scroll of identify
 l - 5 scrolls of noise
 m - 2 scrolls of enchant armour
 s - 6 scrolls of remove curse
 z - 3 scrolls of fear
 E - 6 scrolls of teleportation
 L - a scroll of vulnerability {unknown}
 M - 3 scrolls of magic mapping
Potions
 h - 16 potions of curing
 o - 7 potions of invisibility
 q - a potion of might
 v - 4 potions of flight
 w - 3 potions of haste
 G - 2 potions of cancellation
 S - 2 potions of resistance {unknown}
 U - 3 potions of heal wounds {unknown}
 Y - 2 potions of agility {unknown}
Miscellaneous
 n - 2 sacks of spiders
Comestibles
 f - 29 rations


   Skills:
 + Level 13.6 Fighting
 + Level 16.1 Long Blades
   Level 1.1 Axes
 + Level 14.0 Armour
 + Level 5.1 Dodging
 + Level 1.8 Stealth
 + Level 16.1 Shields
 + Level 1.4 Invocations
 + Level 1.0 Evocations


You had 13 spell levels left.
You didn't know any spells.
Your spell library contained the following spells:

 Spells                   Type           Power        Failure   Level  Hunger
 Animate Skeleton         Necr           N/A          100%        1    ##.....
 Apportation              Tloc           #.....       100%        1    ##.....
 Beastly Appendage        Tmut           #.....       100%        1    ##.....
 Confusing Touch          Hex            #.....       100%        1    ##.....
 Flame Tongue             Conj/Fire      #....        100%        1    ##.....
 Pain                     Necr           #...         100%        1    ##.....
 Summon Butterflies       Summ           #.......     100%        1    ##.....
 Summon Small Mammal      Summ           #...         100%        1    ##.....
 Sticks to Snakes         Tmut           #.......     100%        2    ###....
 Throw Flame              Conj/Fire      #.....       100%        2    ###....
 Call Canine Familiar     Summ           #.......     100%        3    ####...
 Conjure Flame            Conj/Fire      #.......     100%        3    ####...
 Inner Flame              Hex/Fire       #.......     100%        3    ####...
 Recall                   Summ/Tloc      N/A          100%        3    ####...
 Regeneration             Chrm/Necr      #.........   100%        3    ####...
 Spider Form              Tmut/Pois      #.........   100%        3    ####...
 Vampiric Draining        Necr           #.........   100%        3    ####...
 Animate Dead             Necr           N/A          100%        4    #####..
 Ice Form                 Ice/Tmut       #.......     100%        4    #####..
 Sticky Flame             Conj/Fire      #.......     100%        4    #####..
 Summon Ice Beast         Ice/Summ       #.......     100%        4    #####..
 Aura of Abjuration       Summ           #.........   100%        5    ######.
 Blade Hands              Tmut           #.........   100%        5    ######.
 Fireball                 Conj/Fire      #.........   100%        5    ######.
 Lee's Rapid Deconstruct  Erth           #.........   100%        5    ######.
 Summon Demon             Summ           #.........   100%        5    ######.
 Summon Forest            Summ/Tloc      #.........   100%        5    ######.
 Summon Mana Viper        Hex/Summ       #.......     100%        5    ######.
 Iron Shot                Conj/Erth      #.........   100%        6    #######
 Shadow Creatures         Summ           N/A          100%        6    #######
 Summon Hydra             Summ           #.........   100%        7    #######


Dungeon Overview and Level Annotations

Branches:
Dungeon (13/15)            Temple (1/1) D:5            Lair (6/6) D:9
 Shoals (0/4) Lair:4       Spider (0/4) Lair:4        Slime (0/5) Lair:6
    Orc (1/2) D:9
 Vaults: D:13-14

Altars:
Ashenzari
Cheibriados
Dithmenos
Elyvilon
Fedhas
Gozag
Hepliaklqana
Kikubaaqudgha
Makhleb
Nemelex Xobeh
Okawaru
Qazlal
Ru
Sif Muna
Trog
Uskayaw
Vehumet
Wu Jian
Xom
Yredelemnul
Zin
The Shining One
Jiyva

Shops:
D:7 [

Annotations:
D:7 1 runed translucent door
D:8 3 runed translucent doors, Knommid's ghost, novice HOFi
Lair:1 exclusion: 2 oklob plants


Innate Abilities, Weirdness & Mutations

You reflexively headbutt those who attack you in melee.
You have a pair of horns on your head.


Message History

Press: ? - help, Shift-Dir - straight line, f/p - oklob plant
Aim: an oklob plant (heavily damaged, chance to defeat MR: 52%)
The oklob plant is blasted!
The oklob plant spits acid at you. The splash of acid hits you.
The acid corrodes you!
You are splashed with acid!
Evoke which item? (* to show all) (? for menu, Esc to quit)
Aiming: Disintegrate
Press: ? - help, Shift-Dir - straight line, f/p - oklob plant
Aim: an oklob plant (heavily damaged, chance to defeat MR: 52%)
The oklob plant resists with significant effort.
The oklob plant spits acid at you. The splash of acid hits you!
* * * LOW HITPOINT WARNING * * *
You are splashed with acid!
* * * LOW HITPOINT WARNING * * *
The oklob plant spits acid at you. The splash of acid hits you!
* * * LOW HITPOINT WARNING * * *
You are splashed with acid!
You die...

#...# #P.)# ##..P## ### ###
#.....# ##.###.## #....##
#.......# ##..## ### #.####..####
#..# ######.# #.# ##....#
#..#####......# #.# ####.#
#@###..#.###..# #.# #..#
#........# ##.#### #.# #P.##
#.#####.## #.##.. #.## ##..###.#
### ##.##.# #..# ####.##.#.#
####..##.#
##.#####P##......#######.###.##.#
##.#........P...###...#..........
.#....#.###..P#......##.>.##.....
>.......##P.....###.##(...#.###.#


You could see an oklob plant.

Vanquished Creatures
  A minotaur (Gauntlet)
  8 hydras
  A catoblepas (Gauntlet)
  A two-headed ogre (D:13)
  5 death yaks (Lair:2)
  Erica (Lair:1)
  A tengu warrior (D:13)
  A fire crab (Gauntlet)
  Nergalle (Lair:1)
  A wolf spider zombie (D:12)
  A wolf spider (Lair:4)
  An ugly thing (D:12)
  3 manticores (D:11)
  3 black mambas
  A cyclops (D:12)
  2 molten gargoyles (Gauntlet)
  A torpor snail (Lair:6)
  A merfolk siren (Lair:4)
  An elephant (D:9)
  A smoke demon (Gauntlet)
  24 spiny frogs
  2 gargoyles (Gauntlet)
  2 kobold demonologists (D:11)
  4 komodo dragons
  A tengu conjurer (D:13)
  An efreet (D:13)
  3 jumping spiders (Lair:4)
  4 trolls
  A meliai (shapeshifter) (D:13)
  2 polar bears
  4 tyrant leeches (Lair:6)
  2 hornets
  10 blink frogs
  9 dream sheep
  9 hippogriffs
  A spriggan (Lair:4)
  A shadow (D:12)
  A redback (Lair:4)
  2 wraiths
  39 yaks
  3 fire bats (Gauntlet)
  4 wyverns
  3 hungry ghosts
  2 basilisks (Lair:5)
  8 vampire mosquitoes
  17 water moccasins
  Duvessa (D:4)
  8 porcupines
  2 phantoms
  6 orc warriors
  A sky beast (D:6)
  4 ice beasts
  2 necrophages
  8 ogres
  16 centaurs
  43 wolves
  12 crocodiles
  5 big kobolds
  21 bullfrogs
  A gnoll sergeant (D:4)
  3 elf zombies (Ossuary)
  Dowan (D:4)
  4 scorpions
  16 killer bees
  8 wights
  An electric eel (Lair:6)
  4 howler monkeys
  7 crimson imps
  7 centaur zombies
  A bullfrog zombie (D:7)
  3 hounds
  4 jellies
  4 centaur skeletons
  3 gnoll shamans
  4 orc priests
  4 bullfrog skeletons
  An iguana (D:9)
  9 orc wizards
  8 worker ants
  A hound zombie (D:5)
  2 worker ant zombies
  2 mummies (Ossuary)
  60 gnolls
  11 adders
  3 shadow imps
  4 oozes
  An adder skeleton (D:9)
  2 adder zombies
  2 worms (D:3)
  A dart slug (D:1)
  8 leopard geckos
  43 orcs
  4 giant cockroaches
  6 goblins
  6 hobgoblins
  26 jackals
  20 kobolds
  3 quokkas
  5 ball pythons
  8 bats
  5 frilled lizards
  A goblin zombie (Ossuary)
  13 hobgoblin zombies (Ossuary)
  A jackal zombie (Ossuary)
  9 kobold zombies (Ossuary)
  A leopard gecko skeleton (D:3)
  5 orc zombies (Ossuary)
  A quokka skeleton (D:5)
  9 rats
  A rat zombie (Ossuary)
  A bush (Lair:1)
  3 fungi (Lair:1)
  2 plants
687 creatures vanquished.

Vanquished Creatures (others)
  10 fungi
  28 plants
38 creatures vanquished.

Grand Total: 725 creatures vanquished

Notes
Turn   | Place    | Note
-------+----------+-------------------------------------------
     0 | D:1      | Peloso the Minotaur Fighter began the quest for the Orb.
     0 | D:1      | Reached XP level 1. HP: 19/19 MP: 0/0
   121 | D:1      | Reached XP level 2. HP: 25/27 MP: 1/1
   419 | D:1      | Reached XP level 3. HP: 33/33 MP: 2/2
  1326 | D:3      | Reached XP level 4. HP: 40/40 MP: 3/3
  1754 | D:3      | Found a transporter.
  1756 | D:3      | Found a bloodstained altar of Trog.
  1758 | D:3      | Found a sacrificial altar of Ru.
  1774 | D:3      | Found a transporter.
  1859 | D:3      | Reached XP level 5. HP: 46/47 MP: 4/4
  1928 | D:4      | Reached skill level 5 in Armour
  2263 | D:4      | Noticed an ogre
  2277 | D:4      | Killed an ogre
  2277 | D:4      | Reached skill level 1 in Dodging
  2277 | D:4      | Reached skill level 5 in Shields
  2277 | D:4      | Reached XP level 6. HP: 3/53 MP: 5/5
  2725 | D:4      | Reached skill level 5 in Long Blades
  2815 | D:4      | Reached XP level 7. HP: 52/60 MP: 6/6
  2931 | D:4      | Noticed Duvessa
  2950 | D:4      | Killed Duvessa
  2950 | D:4      | Reached skill level 5 in Fighting
  2954 | D:4      | Noticed Dowan
  2973 | D:4      | Killed Dowan
  3684 | D:5      | Entered Level 5 of the Dungeon
  3698 | D:5      | Found a sand-covered staircase.
  3720 | Ossuary  | Entered an ossuary
  4243 | Ossuary  | Reached XP level 8. HP: 62/69 MP: 7/7
  4537 | D:5      | Found a staircase to the Ecumenical Temple.
  4551 | Temple   | Entered the Ecumenical Temple
  5669 | D:5      | Reached XP level 9. HP: 74/77 MP: 8/8
  6873 | D:5      | Reached skill level 1 in Stealth
  6993 | D:6      | Reached skill level 10 in Long Blades
  7095 | D:6      | Found a sparkling altar of Nemelex Xobeh.
  7157 | D:6      | Found an ancient bone altar of Kikubaaqudgha.
  7214 | D:6      | Found a shattered altar of Ashenzari.
  7215 | D:6      | Found an iron altar of Okawaru.
  7215 | D:6      | Found a burning altar of Makhleb.
  7221 | D:6      | Became a worshipper of Warmaster Okawaru
  7508 | D:6      | Found a stormy altar of Qazlal.
  7800 | D:7      | Found a glowing silver altar of Zin.
  7800 | D:7      | Found a runed translucent door.
  7800 | D:7      | Noticed an angel
  7830 | D:7      | Got a slimy hand axe
  7831 | D:7      | Identified the +9 hand axe "Xouraez" {elec, rC+ Str-2 Int+2
                  | Dex+4} (You found it on level 7 of the Dungeon)
  7903 | D:7      | Found Bitir's Armour Boutique.
  8167 | D:7      | Reached * piety under Okawaru
  8635 | D:8      | Reached XP level 10. HP: 87/87 MP: 9/9
  8895 | D:8      | Found a runed translucent gate.
  8895 | D:8      | Found a runed translucent gate.
  8895 | D:8      | Found a runed translucent gate.
  8896 | D:8      | Noticed Knommid's ghost (novice HOFi)
  9250 | D:8      | Reached ** piety under Okawaru
  9259 | D:8      | Found a glowing golden altar of the Shining One.
  9643 | D:8      | Found a viscous altar of Jiyva.
  9832 | D:9      | Found a staircase to the Lair.
  9910 | D:9      | Noticed an elephant
  9941 | D:9      | Killed an elephant
  9941 | D:9      | Reached *** piety under Okawaru
  9988 | D:9      | Found a staircase to the Orcish Mines.
 10775 | D:10     | Entered Level 10 of the Dungeon
 10922 | D:10     | Reached XP level 11. HP: 85/94 MP: 10/10
 10928 | D:10     | Reached **** piety under Okawaru
 11376 | D:11     | Reached skill level 10 in Armour
 11397 | D:11     | Got a pair of ichor-stained gloves
 11408 | D:11     | Identified the +0 pair of gloves "Abbiosch" {+Inv rF+} (You
                  | found it on level 11 of the Dungeon)
 11472 | D:11     | Reached skill level 10 in Shields
 11657 | D:11     | Reached ***** piety under Okawaru
 12076 | D:11     | Received a gift from Okawaru
 12106 | D:11     | Noticed a three-headed hydra
 12112 | D:11     | Killed a one-headed hydra
 12112 | D:11     | Received a gift from Okawaru
 12204 | Orc:1    | Entered Level 1 of the Orcish Mines
 12445 | Lair:1   | Entered Level 1 of the Lair of Beasts
 12489 | Lair:1   | Received a gift from Okawaru
 12502 | Lair:1   | Got a pair of smoking boots {god gift}
 12508 | Lair:1   | Identified the -5 pair of boots of Articulation {rPois MP+9
                  | Str+3 Dex+2} (Okawaru gifted it to you on level 1 of the
                  | Lair of Beasts)
 12521 | Lair:1   | Reached skill level 1 in Axes
 12669 | Lair:1   | Reached XP level 12. HP: 70/105 MP: 11/11
 12682 | Lair:1   | Noticed Erica
 12704 | Lair:1   | Killed Erica
 12704 | Lair:1   | Reached skill level 10 in Fighting
 12846 | Lair:1   | Noticed Nergalle
 12856 | Lair:1   | Killed Nergalle
 13736 | Lair:2   | Noticed a death yak
 13736 | Lair:2   | Noticed a death yak
 13762 | Lair:2   | Noticed a death yak
 13764 | Lair:2   | Killed a death yak
 13765 | Lair:2   | Noticed a death yak
 13765 | Lair:2   | Noticed a death yak
 13784 | Lair:2   | Killed a death yak
 13788 | Lair:2   | Killed a death yak
 13790 | Lair:2   | Killed a death yak
 13798 | Lair:2   | Killed a death yak
 13798 | Lair:2   | Reached skill level 1 in Evocations
 13992 | Lair:2   | Noticed a six-headed hydra
 13999 | Lair:2   | Killed a three-headed hydra
 13999 | Lair:2   | Received a gift from Okawaru
 14612 | Lair:2   | Noticed an eight-headed hydra
 14620 | Lair:2   | Killed a four-headed hydra
 14620 | Lair:2   | Reached skill level 15 in Long Blades
 15122 | Lair:3   | Noticed a four-headed hydra
 15130 | Lair:3   | Killed a one-headed hydra
 15130 | Lair:3   | Reached ****** piety under Okawaru
 15130 | Lair:3   | Reached XP level 13. HP: 116/116 MP: 12/12
 15138 | Lair:3   | Received a gift from Okawaru
 15141 | Lair:3   | Got a crude plate armour {god gift}
 15152 | Lair:3   | Identified the +1 plate armour of Zuemah {rF+ Dex-4 SInv}
                  | (Okawaru gifted it to you on level 3 of the Lair of Beasts)
 15357 | Lair:3   | Found an ornate altar of the Wu Jian Council.
 16139 | D:7      | Bought the +2 pair of boots of the Assassin {Detection
                  | Stab+ Stlth++} for 780 gold pieces
 16139 | D:7      | Found the +2 pair of boots of the Assassin {Detection Stab+
                  | Stlth++}
 16540 | D:12     | Reached skill level 5 in Dodging
 18233 | Lair:4   | Received a gift from Okawaru
 18450 | Lair:4   | Reached skill level 1 in Invocations
 18686 | Lair:4   | Found a hole to the Spider Nest.
 18959 | Lair:4   | Found a staircase to the Shoals.
 19180 | Lair:5   | Found a gate leading to a gauntlet.
 19205 | Gauntlet | Entered a Gauntlet
 19205 | Gauntlet | Found a transporter.
 19214 | Gauntlet | Found a transporter.
 19216 | Gauntlet | Found a transporter.
 19218 | Gauntlet | Found a transporter.
 19239 | Gauntlet | Found a transporter.
 19251 | Gauntlet | Found a transporter.
 19259 | Gauntlet | Found a transporter.
 19273 | Gauntlet | Noticed a dire elephant
 19274 | Gauntlet | Found a transporter.
 19296 | Gauntlet | Found a transporter.
 19308 | Gauntlet | Found a transporter.
 19320 | Gauntlet | Found a transporter.
 19328 | Gauntlet | Noticed a dire elephant
 19335 | Gauntlet | Found a transporter.
 19344 | Gauntlet | Found a transporter.
 19355 | Gauntlet | Found a transporter.
 19355 | Gauntlet | Found a transporter.
 19384 | Gauntlet | Found a transporter.
 19386 | Gauntlet | Found a transporter.
 19442 | Gauntlet | Found a transporter.
 19528 | Gauntlet | Got a wavering turquoise ring
 19530 | Gauntlet | Identified the ring "Cimn" {*Contam +Fly rN+ SInv Stlth-}
                  | (You found it in a Gauntlet)
 19875 | Gauntlet | Received a gift from Okawaru
 19875 | Gauntlet | Reached XP level 14. HP: 97/128 MP: 13/13
 19927 | Gauntlet | Got a warped hat {god gift}
 19938 | Gauntlet | Identified the +2 hat "Wiatwit" {MR+} (Okawaru gifted it to
                  | you in a Gauntlet)
 20483 | Gauntlet | Got a transparent cloak
 20494 | Gauntlet | Identified the +0 cloak of the Snake Pit {+Fly rElec rN+++
                  | Dex-3} (You found it in a Gauntlet)
 20501 | Gauntlet | Identified the +6 scale mail "Sucwao" {+Blink}
 20534 | Gauntlet | Got a distressingly furry large shield
 20546 | Gauntlet | Identified the +8 large shield "Qabokut" {MR+ Dex+2} (You
                  | found it in a Gauntlet)
 20579 | Gauntlet | Got an ancient flail
 20580 | Gauntlet | Identified the +5 flail "Ofuq" {elec, +Inv Dex+4} (You
                  | found it in a Gauntlet)
 21931 | Lair:6   | Entered Level 6 of the Lair of Beasts
 22019 | Lair:5   | Reached skill level 15 in Shields
 23211 | Lair:6   | Received a gift from Okawaru
 23214 | Lair:6   | Got a steaming chain mail {god gift}
 23270 | Lair:6   | Identified the +4 chain mail of the Stars {MR+ Dex+2}
                  | (Okawaru gifted it to you on level 6 of the Lair of Beasts)
 23456 | Lair:6   | Identified the Handbook of the Creative Rocks
 23767 | Lair:6   | Found a runed translucent door.
 23767 | Lair:6   | Found a viscous altar of Jiyva.
 23767 | Lair:6   | Found a staircase to the Slime Pits.
 24107 | Lair:1   | Splashed by an oklob plant's acid

Levels and vault maps discovered:
D:1:      minmay_arrival_wavy_path, layout_basic, minmay_shallow_snake_nest
D:2:      layout_loops_cross
D:3:      layout_loops_cross, gammafunk_temple_overflow_arena,
          minmay_misc_feat_five
D:4:      layout_gridville, chequers_serial_rivers_room_a, uniq_duvessa
D:5:      lemuel_castle_with_subvaults [lemuel_castle_interior_original],
          layout_basic, temple_fountains, enter_ossuary_2, first_ration,
          minmay_bent
D:6:      layout_cave_pools, gammafunk_temple_overflow_claw,
          lemuel_crystal_altar, basic_altar, nicolae_qazlal_eye_of_the_storm
D:7:      layout_basic, serial_shops, shop, lemuel_angel_altar
D:8:      layout_loops_corners, tso_metal_star, gammafunk_ghost_ooze
D:9:      minmay_general_purpose_star, layout_irregular_city, david_lair_generic
D:10:     layout_rooms, eino_tiny_chamber
D:11:     layout_roguey, serial_glass, glass_columns_c, glass_columns_a,
          glass_columns_a, glass_columns_b, glass_columns_b, glass_columns_a,
          glass_columns_b, glass_columns_c, glass_columns_b, glass_columns_c,
          glass_columns_c, glass_columns_a, glass_columns_b, glass_columns_b,
          hangedman_ranch [blue_anna_fruit_fields]
D:12:     layout_stronghold
D:13:     layout_long_grid
Temple:   regret_index_temple_waves
Lair:1:   layout_loops_ring, grunt_megastairs_4, lemuel_fruit_fields,
          minmay_lair_oklob_chamber, uniq_nergalle, uniq_erica
Lair:2:   layout_loops_ring, serial_bayou_shore_a
Lair:3:   layout_cave_pods, basic_altar, chequers_serial_rivers_small_a,
          grunt_megastairs_1
Lair:4:   layout_long_grid, minmay_shoals_entry_lonely_mermaid,
          spider_nest_entry_funnel_web, grunt_forest_large_clearings
Lair:5:   layout_cave_pods, gauntlet_entry_generic, wad_woods_road_03,
          ldierk_geyser
Lair:6:   minmay_lair_end_frog_pond, layout_regular_city, slime_altar_2
Orc:1:    layout_caves, nicolae_orc_lava_tube, uniq_fannar

Skill      XL: |  1  2  3  4  5  6  7  8  9 10 11 12 13 14 |
---------------+-------------------------------------------+-----
Armour         | 4 5 6 7 8 9 11 12 13 14 | 14.0
Fighting       | 4 5 6 7 8 9 11 13 | 13.6
Shields        | 4 5 6 8 9 10 12 14 16 | 16.1
Long Blades    | 3 4 5 6 9 10 12 14 15 16 | 16.1
Dodging        | 1 2 3 4 5 |  5.1
Stealth        | 1 |  1.8
Axes           | 1 |  1.1
Evocations     | 1 |  1.0
Invocations    | 1 |  1.4

Action                   |  1- 3 |  4- 6 |  7- 9 | 10-12 | 13-15 || total
-------------------------+-------+-------+-------+-------+-------++-------
Melee: Long sword        |   110 |   116 |   583 |    93 |       ||   902
       Headbutt          |    16 |    23 |   129 |   188 |   174 ||   530
       Scimitar          |       |       |       |   575 |   909 ||  1484
       Hand axe          |       |       |       |    15 |       ||    15
Invok: Heroism           |       |       |       |     3 |     8 ||    11
Evoke: Wand              |       |       |       |     4 |     8 ||    12
  Use: Potion            |       |       |     2 |     1 |     1 ||     4
       Scroll            |       |       |     7 |     3 |    15 ||    25
 Stab: Sleeping          |       |       |     1 |       |       ||     1
  Eat: Chunk             |     1 |     5 |    16 |    16 |    24 ||    62
       Ration            |       |       |     1 |     2 |     2 ||     5
Armor: Scale mail        |    56 |    36 |   178 |       |       ||   270
       Plate armour      |       |       |    15 |   219 |   453 ||   687
       Chain mail        |       |       |       |       |    10 ||    10
Dodge: Dodged            |    38 |    32 |   195 |   175 |   352 ||   792
Block: Shield            |    63 |    53 |   304 |   342 |   440 ||  1202
       Large shield      |       |       |       |       |   587 ||   587
       Rpst.: Long sword |     8 |     8 |    52 |     6 |       ||    74
       Scimitar          |       |       |       |    43 |    82 ||   125

Table legend:
 A = Non-vault XP
 B = Vault XP
 C = Vault XP percentage of total XP
 D = Non-vault monster count
 E = Vault monster count
 F = Vault count percentage of total count
                 A         B        C        D         E       F
            +---------+---------+-------+---------+---------+-------
      Total |   57398 |   32256 |  36.0 |     448 |     233 |  34.2
            +---------+---------+-------+---------+---------+-------
        D:1 |      46 |       3 |   6.1 |      28 |       2 |   6.7
        D:2 |      27 |       0 |   0.0 |      10 |       0 |   0.0
        D:3 |     120 |      18 |  13.0 |      27 |       4 |  12.9
        D:4 |     682 |     331 |  32.7 |      28 |       4 |  12.5
        D:5 |     949 |     946 |  49.9 |      23 |      64 |  73.6
        D:6 |    1006 |       0 |   0.0 |      15 |       0 |   0.0
        D:7 |    1041 |       0 |   0.0 |      21 |       0 |   0.0
        D:8 |    1535 |       0 |   0.0 |      35 |       0 |   0.0
        D:9 |    2092 |     979 |  31.9 |      26 |       5 |  16.1
       D:10 |    2062 |       0 |   0.0 |      24 |       0 |   0.0
       D:11 |    4459 |    2217 |  33.2 |      29 |       8 |  21.6
       D:12 |    4020 |       0 |   0.0 |      24 |       0 |   0.0
       D:13 |    7358 |       0 |   0.0 |      34 |       0 |   0.0
     Lair:1 |    2566 |    3705 |  59.1 |      15 |      11 |  42.3
     Lair:2 |   10535 |       0 |   0.0 |      22 |       0 |   0.0
     Lair:3 |    3950 |     452 |  10.3 |      19 |       1 |   5.0
     Lair:4 |    2098 |    5548 |  72.6 |      11 |      34 |  75.6
     Lair:5 |    8024 |    3235 |  28.7 |      32 |      11 |  25.6
     Lair:6 |    4266 |    8717 |  67.1 |      19 |      37 |  66.1
      Orc:1 |     562 |       0 |   0.0 |       6 |       0 |   0.0
    Ossuary |       0 |     487 | 100.0 |       0 |      39 | 100.0
   Gauntlet |       0 |    5618 | 100.0 |       0 |      13 | 100.0
            +---------+---------+-------+---------+---------+-------
